 Dungeon Crawl Stone Soup version 0.27-a0-1230-gfc7c993222 (webtiles) character file.

Game seed: 3962033050802895708

207242 Delamore the Phalangite (level 19, -2/146 HPs)
             Began as a Formicid Fighter on June 8, 2021.
             Was a Priest of Elyvilon.
             Killed from afar by an ice dragon (28 damage)
             ... with a blast of cold
             ... on level 1 of the Depths.
             The game lasted 00:48:53 (34262 turns).

Delamore the Phalangite (Formicid Fighter)         Turns: 34262, Time: 00:48:53

Health: -2/146     AC: 26    Str: 32    XL:     19   Next: 46%
Magic:  20/30      EV: 12    Int: 11    God:    Elyvilon [***...]
Gold:   1841       SH: 17    Dex: 15    Spells: 18/18 levels left

rFire    + . .     SeeInvis +   J - +9 bardiche (freeze)
rCold    . . .     Faith    .   c - +1 kite shield
rNeg     . . .     Spirit   .   i - +4 plate armour {Will+}
rPois    +         Reflect  .   (helmet unavailable)
rElec    .         Harm     .   E - +1 cloak of Starlight {*Dazzle EV+4 Stlth--}
rCorr    +         Rampage  .   j - +2 pair of gloves {Dex+3}
Will     ++...                  U - +1 pair of boots
Stlth    ..........             a - amulet of regeneration
HPRegen  1.34/turn              v - ring of Buphomaez {+Blink rF+ rCorr Str+4 SInv}
MPRegen  0.22/turn              b - ring of poison resistance

@: studying Shields
A: permanent stasis, dig shafts and tunnels, antennae 3, four strong arms, agile
1, strong 1
}: 1/15 runes: gossamer
a: Dig, Shaft Self, Renounce Religion, Lesser Healing, Heal Other, Purification,
Divine Protection


You were on level 1 of the Depths.
You worshipped Elyvilon.
Elyvilon was most pleased with you.
You visited 6 branches of the dungeon, and saw 29 of its levels.
You also visited: Bailey, Gauntlet and Ice Cave.

You collected 5492 gold pieces.
You spent 3651 gold pieces at shops.

Inventory:

Hand Weapons
 J - a +9 bardiche of freezing (weapon)
 K - the +3 spear "Yxtieq" {flame, Dex+3}
   (You bought it in a shop on level 10 of the Dungeon)

   It has been specially enchanted to burn those struck by it, causing extra
   injury to most foes and up to half again as much damage against particularly
   susceptible opponents.
   It affects your dexterity (+3).
Missiles
 f - 76 poisoned darts (quivered)
 r - 12 throwing nets
 u - 5 silver boomerangs
 y - 9 boomerangs of dispersal
 A - 20 silver javelins
 B - 60 boomerangs
 H - 5 javelins
Armour
 c - a +1 kite shield (worn)
 i - a +4 plate armour of willpower (worn)
 j - a +2 pair of gloves of dexterity (worn)
 E - the +1 cloak of Starlight (worn) {*Dazzle EV+4 Stlth--}
   (You bought it in a shop on level 6 of the Dungeon)

   It affects your evasion (+4).
   It makes you much less stealthy.
 U - a +1 pair of boots (worn)
Jewellery
 a - an amulet of regeneration (around neck)
 b - a ring of poison resistance (right hand)
 k - a ring of protection from cold
 v - the ring of Buphomaez (left hand) {+Blink rF+ rCorr Str+4 SInv}
   (You found it in a Gauntlet)

   [ring of resist corrosion]

   It affects your strength (+4).
   It protects you from fire.
   It lets you see invisible.
   It lets you blink.
   It protects you from acid and corrosion.
 w - an amulet of faith
 G - the ring of Ramown {rN++ rCorr Str+3 Dex-5 SInv}
   (You took it off a minotaur in a Gauntlet)

   [ring of see invisible]

   It affects your strength (+3).
   It affects your dexterity (-5).
   It greatly protects you from negative energy.
   It lets you see invisible.
   It protects you from acid and corrosion.
 P - a ring of flight
Wands
 m - a wand of charming (15)
 z - a wand of iceblast (26)
 L - a wand of digging (6)
 M - a wand of mindburst (69)
 N - a wand of paralysis (7)
 O - a wand of flame (88)
 Q - a wand of polymorph (7)
Scrolls
 h - 2 scrolls of enchant armour
 l - 4 scrolls of fear
 t - 5 scrolls of immolation
 x - 8 scrolls of noise
 C - 2 scrolls of fog
 D - a scroll of holy word
 F - 2 scrolls of enchant weapon
 S - 14 scrolls of identify
 V - 5 scrolls of amnesia
 X - 2 scrolls of magic mapping
 Y - 3 scrolls of summoning
Potions
 d - 4 potions of might
 e - 10 potions of flight
 n - 5 potions of curing
 o - 6 potions of heal wounds
 p - a potion of resistance
 q - 6 potions of ambrosia
 s - 4 potions of cancellation
 I - 8 potions of brilliance
 T - a potion of mutation
 W - 2 potions of invisibility
Miscellaneous
 g - a lightning rod (4/4)
 R - a phantom mirror


   Skills:
 + Level 11.9 Fighting
 + Level 21.8 Polearms
 - Level 6.0 Throwing
 - Level 10.0 Armour
 + Level 17.6 Shields
 - Level 15.0 Invocations


You had 18 spell levels left.
You didn't know any spells.
Your spell library contained the following spells:

 Spells                   Type           Power      Damage    Failure   Level
 Animate Skeleton         Necr           0%         N/A       92%         1
 Apportation              Tloc           0%         N/A       92%         1
 Corona                   Hex            0%         N/A       92%         1
 Pain                     Necr           0%         1d4       92%         1
 Sandblast                Erth           0%         2d4       92%         1
 Sting                    Tmut/Pois      0%         1d3       92%         1
 Summon Small Mammal      Summ           0%         N/A       92%         1
 Passwall                 Tmut/Erth      0%         N/A       98%         2
 Poisonous Vapours        Pois/Air       0%         N/A       98%         2
 Ignite Poison            Fire/Tmut/Pois 0%         N/A       100%        3
 Mephitic Cloud           Conj/Pois/Air  0%         N/A       100%        3
 Stone Arrow              Conj/Erth      0%         3d7       100%        3
 Vampiric Draining        Necr           0%         2d6       100%        3
 Animate Armour           Summ/Erth      0%         N/A       100%        4
 Animate Dead             Necr           0%         N/A       100%        4
 Cause Fear               Hex            0%         N/A       100%        4
 Leda's Liquefaction      Hex/Erth       0%         N/A       100%        4
 Olgreb's Toxic Radiance  Pois           0%         N/A       100%        4
 Petrify                  Tmut/Erth      0%         N/A       100%        4
 Agony                    Necr           0%         N/A       100%        5
 Bolt of Magma            Conj/Fire/Erth 0%         4d4       100%        5
 Irradiate                Conj/Tmut      0%         3d13      100%        5
 Lee's Rapid Deconstruct  Erth           0%         3d5*      100%        5
 Silence                  Hex/Air        0%         N/A       100%        5
 Summon Forest            Summ/Tloc      0%         N/A       100%        5
 Summon Mana Viper        Hex/Summ       0%         N/A       100%        5
 Yara's Violent Unravell  Hex/Tmut       0%         3d3       100%        5
 Blade Hands              Tmut           0%         N/A       100%        6
 Iron Shot                Conj/Erth      0%         9d1       100%        6
 Shadow Creatures         Summ           N/A        N/A       100%        6
 Statue Form              Tmut/Erth      0%         N/A       100%        6
 Dragon Form              Tmut           0%         N/A       100%        7
 Summon Hydra             Summ           0%         N/A       100%        7
 Discord                  Hex            0%         N/A       100%        8
 Shatter                  Erth           0%         3d5*      100%        9


Dungeon Overview and Level Annotations

Branches:
Dungeon (15/15)            Temple (0/1) D:5            Lair (6/6) D:10
 Shoals (1/4) Lair:4       Spider (4/4) Lair:2        Slime (0/5) Lair:6
    Orc (2/2) D:10            Elf (0/3) Orc:2        Vaults (0/5) D:14
 Depths (1/5) D:15         Bailey (visited)           IceCv (visited)
Gauntlet (visited)

Altars:
Ashenzari
Cheibriados
Dithmenos
Elyvilon
Fedhas
Gozag
Hepliaklqana
Kikubaaqudgha
Nemelex Xobeh
Okawaru
Ru
Sif Muna
Vehumet
Xom
Beogh

Shops:
D:2 :?:[   D:6 *[   D:10 ((   Orc:2 (*[:   Depths:1 *

Portals:
Abyss: Depths:1

Annotations:
D:8 2 transporters, PejaSLU's ghost, journeyman MiBe
D:15 3 runed translucent doors, Biklutre's ghost, journeyman MiFi; Zeteb's ghost, journeyman DsWr


Innate Abilities, Weirdness & Mutations

You cannot be hasted, slowed, berserked, paralysed or teleported.
You can dig through walls and to a lower floor.
You have a pair of large antennae on your head. (SInv)
Your four strong arms can wield two-handed weapons with a shield.
You are agile. (Dex +2)
Your muscles are strong. (Str +2)


Message History

You kill the deep troll earth mage!
You are no longer corroded.
You slice the ice dragon!! You freeze the ice dragon.
The ice dragon is moderately wounded.
You block the ice dragon's attack. The ice dragon closely misses you.
You block the ice dragon's attack.
You closely miss the ice dragon.
The ice dragon is moderately wounded.
You block the ice dragon's attack.
The ice dragon claws you but does no damage.
You block the ice dragon's attack.
You slash the ice dragon! You freeze the ice dragon.
The ice dragon is moderately wounded.
The ice dragon bites you!
* * * LOW HITPOINT WARNING * * *
The ice dragon claws you but does no damage.
You block the ice dragon's attack.
A smoke demon comes into view.
The smoke demon roars!
You hit the ice dragon.
The ice dragon is heavily wounded.
You hear a howl!
The ice dragon bites you but does no damage.
You block the ice dragon's attack.
The ice dragon tramples you but does no damage.
You hit the ice dragon.
The ice dragon is heavily wounded.
You block the ice dragon's attack. x2; The ice dragon closely misses you.
You slice the ice dragon!! You freeze the ice dragon.
The ice dragon is severely wounded.
The ice dragon breathes frost at you. The blast of cold hits you!!!
* * * LOW HITPOINT WARNING * * *
The smoke demon gestures at you. The sticky flame misses you.
You hear a shout! x2
You feel much better. The ice dragon breathes frost at you.
The blast of cold hits you!!
You die...

#............##...
#....
#......#.).....'#
####
#......#...#...#)#
#......#.......#
##....#...#...#...
##.##...#...#..{#.
#..........###..#
#..........D###...
### #...........@#
.## #..
#.........##..# #
###
#.........###..# #
#.........# #..# #
#......... #3.≈ #
#........# #§≈≈ #
######.### ≈≈≈. #
##..# ≈§. #..##


You could see an ice dragon (catching breath) and a smoke demon.

Vanquished Creatures
  Arachne (Spider:4)
  Rupert (D:15)
  A tengu reaver (Depths:1)
  Roxanne (D:14)
  A fire giant (Depths:1)
  An orc warlord (Orc:1)
  6 ghost moths
  3 emperor scorpions (Spider:4)
  A caustic shrike zombie (D:15)
  A stone giant (Depths:1)
  The ghost of Nirun the Fighter, a journeyman DjWz of Makhleb (Lair:6)
  A very ugly thing (Depths:1)
  3 entropy weavers
  A dire elephant (Lair:5)
  A minotaur (Gauntlet)
  3 spark wasps
  2 ettins (Depths:1)
  A fire dragon (Depths:1)
  An ice dragon (Depths:1)
  2 great orbs of eyes (Depths:1)
  2 rakshasas (Depths:1)
  8 boulder beetles
  Harold (D:7)
  11 hydras
  A ghost crab (Gauntlet)
  4 catoblepae
  8 centaur warriors
  A death knight (D:14)
  An ogre mage (D:15)
  2 dancing weapons (D:14)
  The ghost of Delamore the Spear-Bearer, a journeyman FoFi of Hepliaklqana (Lair:1)
  8 two-headed ogres
  9 death yaks
  2 vampire magi
  A deep troll shaman (Depths:1)
  5 tengu warriors
  2 deep troll earth magi (Depths:1)
  4 orc high priests
  2 skeletal warriors (D:15)
  A spark wasp zombie (D:15)
  2 iron trolls (Depths:1)
  2 lindwurms
  A glowing orange brain (Depths:1)
  2 deep trolls (Depths:1)
  3 wizards
  7 orc knights
  A phantasmal warrior (D:14)
  4 necromancers
  A deep elf pyromancer (D:15)
  16 orb spiders
  A golden dragon skeleton (D:15)
  23 wolf spiders
  3 orc sorcerers
  A frost giant zombie (Depths:1)
  7 manticores
  A stone giant skeleton (Depths:1)
  A stone giant zombie (Depths:1)
  5 cyclopes
  9 elephants
  A black mamba (shapeshifter) (D:14)
  18 ugly things (D:14)
  Joseph (D:8)
  3 ice statues (IceCv)
  2 moths of wrath
  A water nymph (Shoals:1)
  A cane toad (shapeshifter) (D:14)
  9 black mambas
  4 torpor snails
  A fire giant skeleton (Depths:1)
  A gargoyle (D:13)
  Maggie (D:7)
  An unseen horror (D:12)
  15 cane toads
  3 rime drakes
  An efreet (D:13)
  A freezing wraith (D:14)
  9 komodo dragons
  A spriggan zombie (D:15)
  9 demonic crawlers
  A queen bee (Lair:2)
  2 polar bears
  11 ice devils (IceCv)
  7 trolls
  A meliai (Lair:2)
  19 hornets
  A deep troll zombie (Depths:1)
  22 jumping spiders
  A wind drake (Lair:4)
  Prince Ribbit (D:7)
  21 blink frogs
  9 slime creatures
  6 dream sheep
  An ice dragon zombie (Depths:1)
  Sigmund (D:6)
  51 redbacks
  4 shadows
  32 tarantellas
  4 wyverns
  A water elemental (Shoals:1)
  3 wraiths
  51 yaks
  Grum (D:8)
  Eustachio (D:6)
  4 steam dragons
  2 basilisks
  2 vampire mosquitoes (D:14)
  Menkaure (D:5)
  8 wargs (Orc:2)
  4 acid dragons
  19 water moccasins
  Duvessa (D:6)
  An ice beast (D:6)
  12 ogres
  A necrophage (D:7)
  2 black bears
  51 orc warriors
  12 wolves
  19 centaurs
  A phantom (D:4)
  2 kobold brigands
  A wyvern zombie (D:6)
  11 bullfrogs
  12 gnoll sergeants
  5 scorpions
  A glowing shapeshifter simulacrum (Depths:1)
  2 water moccasin zombies
  2 human simulacra (Depths:1)
  Dowan (D:6)
  31 killer bees
  2 electric eels
  A vampire bat (Lair:4)
  3 wights (D:9)
  A howler monkey (D:10)
  7 jellies
  A crimson imp (Gauntlet)
  6 centaur zombies
  A bullfrog zombie (D:6)
  2 draconian simulacra (IceCv)
  6 hounds
  An iron imp (D:5)
  18 orc priests
  7 gnoll shamans
  A centaur skeleton (D:5)
  An iguana (D:6)
  26 orc wizards
  3 troll simulacra (IceCv)
  A killer bee zombie (D:8)
  A hound skeleton (D:5)
  A howler monkey zombie (D:8)
  Robin (D:2)
  A howler monkey skeleton (D:6)
  37 gnolls
  10 adders
  5 naga simulacra (IceCv)
  12 river rats
  13 white imps
  An ufetubus (D:4)
  3 worms
  3 dart slugs
  83 orcs
  3 endoplasms
  A giant cockroach (Lair:2)
  22 goblins
  8 hobgoblins
  5 jackals (D:2)
  9 quokkas
  7 ball pythons
  10 bats
  4 frilled lizards
  18 kobolds
  17 rats
1103 creatures vanquished.

Vanquished Creatures (others)
  An unseen horror (D:12)
  A blink frog (Lair:2)
  An orc warrior (Orc:2)
  2 demonic plants (Gauntlet)
  34 fungi
  37 plants
  9 toadstools (Lair:5)
  2 withered plants (D:15)
87 creatures vanquished.

Grand Total: 1190 creatures vanquished

Notes
Turn   | Place    | Note
-------+----------+-------------------------------------------
     0 | D:1      | Delamore the Formicid Fighter began the quest for the Orb.
     0 | D:1      | Reached XP level 1. HP: 18/18 MP: 1/1
   334 | D:1      | Reached XP level 2. HP: 24/24 MP: 2/2
   491 | D:1      | Found a faded altar of an unknown god.
   491 | D:1      | You fall into a shaft and drop 1 floor!
   578 | D:1      | Reached XP level 3. HP: 30/30 MP: 3/3
   584 | D:1      | Reached skill level 3 in Polearms
   947 | D:1      | Became a worshipper of Elyvilon the Healer
   947 | D:1      | Reached * piety under Elyvilon
  1128 | D:2      | Found Kawacace's Antique Armour Emporium.
  1168 | D:2      | Noticed Robin
  1194 | D:2      | Killed Robin
  1195 | D:2      | Reached XP level 4. HP: 20/37 MP: 4/4
  1371 | D:2      | Found Wemu Lot's Book Shop.
  1403 | D:2      | Found Erulazia's Magic Scroll Shoppe.
  1616 | D:2      | Found Oqiuthul's Book Emporium.
  1665 | D:3      | Identified a scroll of acquirement
  1665 | D:3      | Acquired 802 gold pieces
  1717 | D:2      | Bought a runed plate armour for 468 gold pieces
  1717 | D:2      | Bought a pair of embroidered gloves for 135 gold pieces
  1763 | D:3      | Found an ancient bone altar of Kikubaaqudgha.
  1838 | D:3      | Reached ** piety under Elyvilon
  1846 | D:3      | Reached skill level 4 in Polearms
  1917 | D:3      | Reached XP level 5. HP: 15/43 MP: 5/5
  1932 | D:3      | HP: 2/43 [orc priest/divine providence (16)]
  2543 | D:3      | Reached XP level 6. HP: 48/49 MP: 6/6
  3091 | D:4      | Reached skill level 5 in Polearms
  3164 | D:4      | Reached skill level 5 in Fighting
  3355 | D:4      | Noticed an ogre
  3363 | D:4      | Killed an ogre
  3364 | D:4      | Reached skill level 6 in Polearms
  3364 | D:4      | Reached XP level 7. HP: 47/56 MP: 7/7
  3565 | D:4      | Found a broken altar of Ashenzari.
  3662 | D:4      | Reached *** piety under Elyvilon
  4095 | D:4      | Reached skill level 7 in Polearms
  4769 | D:5      | Entered Level 5 of the Dungeon
  4918 | D:5      | Reached XP level 8. HP: 59/62 MP: 8/8
  4978 | D:5      | Reached skill level 8 in Polearms
  5108 | D:5      | Noticed a yak
  5109 | D:5      | Noticed a yak
  5140 | D:5      | Killed a yak
  5146 | D:5      | Noticed a yak
  5159 | D:5      | Killed a yak
  5160 | D:5      | Reached skill level 9 in Polearms
  5170 | D:5      | Killed a yak
  5404 | D:5      | Found a shadowy altar of Dithmenos.
  5417 | D:5      | Noticed Menkaure
  5425 | D:5      | Reached skill level 10 in Polearms
  5429 | D:5      | Killed Menkaure
  5430 | D:5      | Reached XP level 9. HP: 68/68 MP: 9/9
  5436 | D:5      | Found an iron altar of Okawaru.
  5455 | D:5      | Found a snail-covered altar of Cheibriados.
  5680 | D:5      | Reached **** piety under Elyvilon
  5731 | D:5      | Found a staircase to the Ecumenical Temple.
  5787 | D:5      | Reached skill level 11 in Polearms
  6005 | D:5      | Identified the +8 scale mail of the Lily {Harm Rampage rC-
                  | rCorr}
  6038 | D:6      | Found a hazy altar of Hepliaklqana.
  6075 | D:6      | Noticed a two-headed ogre
  6395 | D:6      | Noticed Eustachio
  6408 | D:6      | Killed Eustachio
  6701 | D:6      | Reached skill level 12 in Polearms
  7029 | D:7      | Found a sacrificial altar of Ru.
  7044 | D:7      | Reached XP level 10. HP: 74/74 MP: 10/10
  7069 | D:7      | Found a shimmering altar of Xom.
  7343 | D:7      | Noticed Prince Ribbit
  7361 | D:7      | Killed Prince Ribbit
  7362 | D:7      | Reached skill level 13 in Polearms
  7479 | D:7      | Noticed Harold
  7489 | D:7      | Killed Harold
  7765 | D:7      | Noticed Maggie
  7798 | D:7      | Killed Maggie
  8186 | D:7      | Reached skill level 14 in Polearms
  8189 | D:7      | Reached skill level 1 in Invocations
  8578 | D:8      | Found a shimmering blue altar of Sif Muna.
  8653 | D:8      | Reached XP level 11. HP: 68/81 MP: 13/13
  8726 | D:8      | Found a transporter.
  8742 | D:8      | Noticed PejaSLU's ghost (journeyman MiBe)
  8744 | D:8      | Noticed a thrashing horror
  8977 | D:6      | Found a sparkling altar of Nemelex Xobeh.
  9050 | D:6      | Noticed Dowan
  9052 | D:6      | Noticed Duvessa
  9066 | D:6      | Killed Dowan
  9079 | D:6      | Killed Duvessa
  9080 | D:6      | Reached skill level 5 in Shields
  9100 | D:6      | Noticed Sigmund
  9112 | D:6      | Killed Sigmund
  9384 | D:6      | Found Maucw's Armour Boutique.
  9389 | D:6      | Bought the +1 cloak of Starlight {*Dazzle EV+4 Stlth--} for
                  | 457 gold pieces
  9389 | D:6      | Found the +1 cloak of Starlight {*Dazzle EV+4 Stlth--}
  9502 | D:6      | Killed a two-headed ogre
  9881 | D:6      | Found an opulent altar of Gozag.
  9884 | D:6      | Found Gozag's Platinum Reserve.
  9893 | D:6      | Reached skill level 5 in Invocations
 10111 | D:8      | Noticed Joseph
 10127 | D:8      | Killed Joseph
 10170 | D:8      | Noticed Grum
 10194 | D:8      | Killed Grum
 10453 | D:8      | Found a transporter.
 10923 | D:9      | Reached ***** piety under Elyvilon
 10926 | D:9      | Noticed a two-headed ogre
 10940 | D:9      | Killed a two-headed ogre
 11482 | D:9      | Reached skill level 1 in Throwing
 11860 | D:9      | Found a blossoming altar of Fedhas.
 11938 | D:10     | Entered Level 10 of the Dungeon
 11953 | D:10     | Found Qavaril's Weapon Boutique.
 11994 | D:10     | Found a flagged portal.
 11999 | Bailey   | Entered a bailey
 12744 | Bailey   | Identified the ring "Fedisoz" {Fly rCorr Int+3}
 12922 | D:10     | Reached XP level 12. HP: 75/94 MP: 17/17
 13111 | D:10     | Found Ostruext's Antique Weapon Boutique.
 13119 | D:10     | Bought a crude spear for 264 gold pieces
 13119 | D:10     | Identified the +3 spear "Yxtieq" {flame, Dex+3} (You bought
                  | it in a shop on level 10 of the Dungeon)
 13150 | D:10     | Noticed a death yak
 13151 | D:10     | Noticed a death yak
 13152 | D:10     | Found a staircase to the Lair.
 13152 | D:10     | Noticed a death yak
 13178 | D:10     | Killed a death yak
 13194 | D:10     | Killed a death yak
 13207 | D:10     | Killed a death yak
 13391 | D:10     | Found a radiant altar of Vehumet.
 13413 | D:10     | Reached skill level 5 in Throwing
 13792 | D:10     | Found a staircase to the Orcish Mines.
 13883 | D:11     | Found a gate leading to a gauntlet.
 13884 | D:11     | Noticed a seven-headed hydra
 13897 | D:11     | Killed a seven-headed hydra
 13898 | D:11     | Reached skill level 10 in Fighting
 13948 | Gauntlet | Entered a Gauntlet
 13948 | Gauntlet | Found a transporter.
 13948 | Gauntlet | Found a transporter.
 13948 | Gauntlet | Noticed a soul eater
 13951 | Gauntlet | Found a transporter.
 13951 | Gauntlet | Found a transporter.
 13955 | Gauntlet | Found a transporter.
 13955 | Gauntlet | Found a transporter.
 13987 | Gauntlet | Found a transporter.
 13991 | Gauntlet | Found a transporter.
 13993 | Gauntlet | Noticed a wretched star
 13995 | Gauntlet | Found a runed translucent door.
 13999 | Gauntlet | Found a runed translucent door.
 14003 | Gauntlet | Found a transporter.
 14019 | Gauntlet | Found a transporter.
 14023 | Gauntlet | Noticed a ghost crab
 14033 | Gauntlet | Found a transporter.
 14037 | Gauntlet | Found a transporter.
 14095 | Gauntlet | Identified the +8 fustibalus of Gluttony {flame, rN+ rCorr
                  | Int+2}
 14146 | Gauntlet | Identified the ring of Buphomaez {+Blink rF+ rCorr Str+4
                  | SInv}
 14168 | Gauntlet | Killed a ghost crab
 14169 | Gauntlet | Reached skill level 10 in Invocations
 14237 | Gauntlet | Identified the ring of Ramown {rN++ rCorr Str+3 Dex-5 SInv}
 14237 | Gauntlet | Noticed a minotaur
 14255 | Gauntlet | HP: 4/97 [minotaur/+3 bardiche of venom (34)]
 14272 | Gauntlet | Killed a minotaur
 14431 | D:11     | Noticed a two-headed ogre
 14445 | D:11     | Killed a two-headed ogre
 14446 | D:11     | Reached skill level 5 in Armour
 14446 | D:11     | Reached XP level 13. HP: 83/103 MP: 20/20
 14950 | D:12     | You fall into a shaft and drop 1 floor!
 14951 | D:13     | Noticed a boulder beetle
 14968 | D:13     | Killed a boulder beetle
 15067 | D:13     | Noticed a centaur warrior
 15078 | D:13     | Killed a centaur warrior
 15194 | D:12     | Noticed a centaur warrior
 15217 | D:12     | Killed a centaur warrior
 15602 | D:12     | Noticed a centaur warrior
 15610 | D:12     | Killed a centaur warrior
 16167 | Lair:1   | Entered Level 1 of the Lair of Beasts
 16233 | Lair:1   | Acquired 1037 gold pieces
 16393 | Lair:1   | Found a runed translucent door.
 16497 | Lair:1   | Reached ****** piety under Elyvilon
 16581 | Lair:1   | Noticed Delamore's ghost (journeyman FoFi)
 16758 | Lair:1   | Killed Delamore's ghost
 17115 | Lair:2   | Found a hole to the Spider Nest.
 17263 | Lair:2   | Noticed a seven-headed hydra
 17278 | Lair:2   | Killed a seven-headed hydra
 17311 | Lair:2   | Noticed a four-headed hydra
 17323 | Lair:2   | Killed a four-headed hydra
 17649 | Lair:2   | Reached XP level 14. HP: 92/110 MP: 23/23
 17673 | Lair:2   | Reached skill level 10 in Armour
 19883 | Lair:4   | Found a staircase to the Shoals.
 20087 | Lair:4   | Found a frozen archway.
 20117 | Lair:4   | Reached skill level 15 in Invocations
 20140 | IceCv    | Entered an ice cave
 21143 | Lair:4   | Identified the +10 broad axe "Siluex" {vorpal, Fragile
                  | rPois Will+ Dex+2}
 21995 | Lair:5   | You fall into a shaft and drop 1 floor!
 21995 | Lair:6   | Entered Level 6 of the Lair of Beasts
 22081 | Lair:5   | Reached XP level 15. HP: 58/115 MP: 26/26
 22456 | Lair:5   | Reached skill level 10 in Shields
 22499 | Lair:5   | Found a runed translucent door.
 22870 | Lair:5   | Reached skill level 15 in Polearms
 22939 | Lair:5   | Identified the Guide on the Mountains and Envenoming
 22941 | Lair:5   | Identified the +2 leather armour "Hyqodid" {-Tele rElec rC+
                  | Dex+4}
 23135 | Lair:6   | Found a staircase to the Slime Pits.
 23566 | Lair:6   | Found a runed translucent gate.
 23566 | Lair:6   | Noticed Nirun's ghost (journeyman DjWz)
 23567 | Lair:6   | Found a runed translucent gate.
 23568 | Lair:6   | Found a runed translucent gate.
 23719 | Lair:6   | Reached skill level 16 in Polearms
 23791 | Lair:6   | Killed Nirun's ghost
 24347 | Lair:6   | Reached XP level 16. HP: 122/122 MP: 27/27
 24754 | Orc:1    | Entered Level 1 of the Orcish Mines
 25145 | Orc:2    | Entered Level 2 of the Orcish Mines
 25146 | Orc:2    | Found Amuro Hao's Book Shoppe.
 25368 | Orc:2    | Found a staircase to the Elven Halls.
 25443 | Orc:2    | Found Orghogg's Antique Armour Boutique.
 25512 | Orc:2    | Bought a pair of faintly glowing gloves for 351 gold pieces
 25512 | Orc:2    | Identified the +1 pair of gloves of Fashionability {rF- rN+
                  | Dex+7} (You bought it in a shop on level 2 of the Orcish
                  | Mines)
 25795 | Orc:2    | Found Nyipy's General Store.
 25974 | Orc:2    | Bought a scroll of fog for 24 gold pieces
 25974 | Orc:2    | Bought a potion of heal wounds for 60 gold pieces
 25974 | Orc:2    | Bought 5 javelins for 48 gold pieces
 25993 | Orc:2    | Found Keruba's Antique Weapon Shoppe.
 26554 | Orc:2    | Bought a manual of Shields for 1766 gold pieces
 26857 | D:13     | Reached skill level 17 in Polearms
 27173 | D:14     | Reached skill level 15 in Shields
 27494 | D:14     | Noticed Roxanne
 27518 | D:14     | Killed Roxanne
 27597 | D:14     | Reached XP level 17. HP: 103/128 MP: 28/28
 27625 | D:14     | Found a gate to the Vaults.
 27631 | D:14     | Reached skill level 18 in Polearms
 28106 | D:15     | Entered Level 15 of the Dungeon
 28406 | D:15     | Noticed Rupert
 28417 | D:15     | Killed Rupert
 28533 | D:15     | Found a staircase to the Depths.
 28562 | D:15     | Reached skill level 19 in Polearms
 28657 | D:15     | Found a runed translucent gate.
 28657 | D:15     | Found a runed translucent gate.
 28659 | D:15     | Found a runed translucent gate.
 28660 | D:15     | Found an ancient bone altar of Kikubaaqudgha.
 28661 | D:15     | Noticed a lich
 28661 | D:15     | Noticed Biklutre's ghost (journeyman MiFi)
 28662 | D:15     | Noticed a lich
 28662 | D:15     | Noticed a lich
 28662 | D:15     | Noticed Zeteb's ghost (journeyman DsWr)
 29103 | Spider:1 | Entered Level 1 of the Spider Nest
 29971 | Spider:1 | Reached skill level 20 in Polearms
 30094 | Spider:1 | Reached XP level 18. HP: 92/134 MP: 29/29
 31528 | Spider:4 | Entered Level 4 of the Spider Nest
 31536 | Spider:4 | Reached skill level 21 in Polearms
 32107 | Spider:4 | Noticed Arachne
 32132 | Spider:4 | Killed Arachne
 32690 | Spider:4 | Reached XP level 19. HP: 78/143 MP: 1/30
 32937 | Spider:4 | Got a gossamer rune of Zot
 33196 | Shoals:1 | Entered Level 1 of the Shoals
 33549 | D:15     | Gained mutation: Armour fits poorly on your strangely
                  | shaped body. [potion of mutation]
 33549 | D:15     | Gained mutation: You are partially covered in iridescent
                  | scales. (AC +2) [potion of mutation]
 33549 | D:15     | Gained mutation: You sometimes lose the ability to read
                  | scrolls when taking damage. [potion of mutation]
 33550 | D:15     | Lost mutation: You are partially covered in iridescent
                  | scales. (AC +2) [potion of mutation]
 33550 | D:15     | Lost mutation: You sometimes lose the ability to read
                  | scrolls when taking damage. [potion of mutation]
 33550 | D:15     | Lost mutation: Armour fits poorly on your strangely shaped
                  | body. [potion of mutation]
 33550 | D:15     | Gained mutation: You sometimes lose the ability to read
                  | scrolls when taking damage. [potion of mutation]
 33550 | D:15     | Gained mutation: Your muscles are strong. (Str +2) [potion
                  | of mutation]
 33551 | D:15     | Lost mutation: You sometimes lose the ability to read
                  | scrolls when taking damage. [potion of mutation]
 33551 | D:15     | Gained mutation: You are agile. (Dex +2) [potion of
                  | mutation]
 33570 | Depths:1 | Entered Level 1 of the Depths
 33734 | Depths:1 | Found Xieqit's General Store.
 33768 | Depths:1 | Bought a scroll of magic mapping for 42 gold pieces
 33768 | Depths:1 | Bought a potion of curing for 36 gold pieces
 33989 | Depths:1 | Found a one-way gate to the infinite horrors of the Abyss.
 34261 | Depths:1 | HP: 7/146 [ice dragon/blast of cold (37)]
 34262 | Depths:1 | Killed from afar by an ice dragon

Illustrated notes

Levels and vault maps discovered:
D:1:      nicolae_arrival_memento_mori, layout_loops_ring,
          ebering_ecumenical_altar_rust, minmay_tetromino_l4
D:2:      layout_rooms, serial_shops, nicolae_shop_waterfront, shop,
          nicolae_shop_behind_doors, shop_fountains, uniq_robin
D:3:      layout_loops_cross, kiku_gazebo_pond_becter, kennysheep_orc_chapel
D:4:      layout_loops_corners, lemuel_coloured_pillars_altar,
          nicolae_zen_rock_garden, dk_rats_in_the_wall
D:5:      layout_cave_pools, okawaru_ov_weapons_minmay, amcnicky_altar_gilded,
          slow_altar_1, temple_hall, grunt_ministairs_15,
          chequers_serial_rivers_room_a, uniq_menkaure
D:6:      minmay_diamond_boxcup, layout_gridville, lemuel_round_altar,
          lemuel_tele_altar, nicolae_gozag_zags_fifth_avenue, serial_shops,
          kennysheep_mini, uniq_duvessa, uniq_eustachio, uniq_sigmund
D:7:      layout_loops_cross, lemuel_round_altar, general_overflow_altar,
          serial_aquarium, aquarium_bridge_straight [aquarium_subvault_bridge,
          aquarium_subvault_balcony, aquarium_subvault_bridge,
          aquarium_subvault_balcony], aquarium_bridge_long_separate
          [aquarium_subvault_balcony, aquarium_subvault_bridge,
          aquarium_subvault_window, aquarium_subvault_wall,
          aquarium_subvault_wall, aquarium_subvault_bridge], aquarium_window_2,
          aquarium_window_3, aquarium_view_2d, uniq_prince_ribbit1, uniq_maggie,
          uniq_harold
D:8:      layout_cave_pods, lemuel_doored_altar, gammafunk_ghost_abyssal_escape,
          uniq_grum, uniq_joseph
D:9:      layout_long_grid, nicolae_overflow_hidden_temple,
          minmay_misc_feat_enclosed, grunt_ministairs_10,
          minmay_stone_trees_medium, eino_small_chamber_without_monster
D:10:     layout_rooms, nicolae_vehumet_radiance, dpeg_lair_monsters,
          david_orc_5, enter_bailey_3, serial_shops,
          nicolae_shop_overgrown_old_shop, nicolae_shop_stone,
          corexii_hall_statues_i
D:11:     layout_cave_pools, gauntlet_entry_generic
D:12:     layout_long_grid, special_room [special_room_orc]
D:13:     layout_roguey, kennysheep_generic_room_12
D:14:     layout_roguey, erik_vaults_1, hangedman_decor_points,
          grunt_tough_drop, uniq_roxanne
D:15:     gammafunk_depths_entry_grave, layout_irregular_city,
          gammafunk_ghost_crypt, minivault_26, uniq_rupert
Lair:1:   layout_regular_city, ebering_ghost_reflecting_pool, minmay_hedge_maze,
          guppyfry_lair_drakes, infiniplex_staircase_pool_2
Lair:2:   regret_index_combs_of_tragedy, layout_chaotic_city,
          nicolae_spider_entry_non_spiders, chequers_serial_rivers_marsh,
          hibernation_bobbens, grunt_megastairs_3
Lair:3:   layout_layer_cave
Lair:4:   layout_roguey, minmay_shoals_entry_beasts, portal_ice_cave_entry_imps,
          chequers_serial_rivers_room_b, roderic_batcave, grunt_megastairs_4
Lair:5:   gammafunk_lair_enchanted_lake, layout_cave_pods
Lair:6:   evilmike_catoblepas_cave, layout_loops_ring,
          minmay_slime_entry_pillars, gammafunk_ghost_hydra_chop,
          amcnicky_mini_pool_medium, lemuel_fruit_tree
Shoals:1: layout_shoals, centaur_isle, uniq_donald
Spider:1: cheibrodos_forgotten_conduit
Spider:2: layout_spider_delve, nicolae_spider_shape
Spider:3: layout_spider_delve, spiders_nest_hornet_nest
Spider:4: spider_rune_water, uniq_arachne
Orc:1:    layout_caves, bh_open_orc_temple
Orc:2:    grunt_orc_gardens, layout_caves, grunt_orc_garden, grunt_orc_garden,
          grunt_orc_garden, grunt_orc_garden, nooodl_orcs_dogs
Depths:1: layout_roguey, hellmouth_1, abyss_entry, serial_shops,
          kennysheep_mini_moat, minmay_fractal_squares_diagonal_5,
          uniq_saint_roka

Skill      XL: |  1  2  3  4  5  6  7  8  9 10 11 12 13 14 15 16 17 18 19 |
---------------+----------------------------------------------------------+-----
Polearms       | 3 4 6 7 10 12 14 16 17 20 21 | 21.8
Fighting       | 4 5 8 10 11 | 11.9
Invocations    | 3 7 10 12 15 | 15.0
Shields        | 4 7 9 12 15 16 17 | 17.6
Throwing       | 3 6 |  6.0
Armour         | 5 9 10 | 10.0

Action                   |  1- 3 |  4- 6 |  7- 9 | 10-12 | 13-15 | 16-18 | 19-21 || total
-------------------------+-------+-------+-------+-------+-------+-------+-------++-------
Melee: Trident           |   114 |   159 |   381 |   925 |   323 |       |       ||  1902
       Spear             |       |       |       |    74 |  1678 |     9 |       ||  1761
       Bardiche          |       |       |       |       |   152 |  1223 |   197 ||  1572
Throw: Dart              |       |     3 |     6 |    45 |     5 |    14 |       ||    73
Invok: Greater Healing   |       |       |       |    13 |    10 |    20 |     6 ||    49
       Lesser Healing    |       |       |       |     1 |       |       |       ||     1
       Divine Vigour     |       |       |       |       |     1 |       |       ||     1
       Purification      |       |       |       |       |       |    11 |     1 ||    12
 Abil: Dig               |     1 |     6 |     6 |     9 |    28 |    15 |     4 ||    69
Evoke: Wand              |       |       |       |     2 |       |       |       ||     2
  Use: Scroll            |     1 |     7 |     2 |    13 |    13 |       |       ||    36
       Potion            |       |       |       |     3 |       |     3 |     5 ||    11
 Stab: Invisible         |       |       |       |    11 |    48 |    16 |       ||    75
       Distracted        |       |       |       |       |       |     1 |       ||     1
       Held in net/web   |       |       |       |       |       |       |     1 ||     1
Armor: Scale mail        |    42 |    13 |       |       |       |       |       ||    55
       Plate armour      |       |    55 |   248 |   283 |   752 |   769 |    84 ||  2191
Dodge: Dodged            |    35 |    29 |    74 |   196 |   646 |   661 |    72 ||  1713
Block: Kite shield       |    52 |    68 |   221 |   340 |  1069 |  1214 |   162 ||  3126

Table legend: (Time is in decaauts)
 A = Elapsed time spent in this place.
 B = Non-inter-level travel time spent in this place.
 C = Inter-level travel time spent in this place.
 D = Time resting spent in this place.
 E = Time spent auto-exploring this place.
 F = Levels seen in this place.
 G = Mean time per level.
                   A        B        C        D        E       F      G
               +--------+--------+--------+--------+--------+-----+--------+
         Total |  33424 |  30980 |   2444 |   3636 |  19861 |  32 | 1044.5 |
       Dungeon |  17445 |  16256 |   1189 |   2015 |  11000 |  15 | 1163.0 |
          Lair |   7684 |   6787 |    897 |    476 |   4802 |   6 | 1280.7 |
        Shoals |     12 |     12 |      0 |      0 |      0 |   1 |   12.0 |
   Spider Nest |   3852 |   3647 |    205 |    501 |   2079 |   4 |  963.0 |
  Orcish Mines |   1916 |   1764 |    152 |    145 |   1089 |   2 |  958.0 |
        Depths |    678 |    678 |      0 |    100 |    353 |   1 |  678.0 |
        Bailey |    778 |    778 |      0 |    134 |    403 |   1 |  778.0 |
      Ice Cave |    649 |    649 |      0 |    120 |    134 |   1 |  649.0 |
      Gauntlet |    406 |    406 |      0 |    145 |      0 |   1 |  406.0 |
               +--------+--------+--------+--------+--------+-----+--------+

Top non-repeatable levels by time:
     D:4: 2185 daAuts
     D:6: 1610 daAuts
     D:5: 1580 daAuts
     D:7: 1565 daAuts
  Lair:2: 1488 daAuts
  Lair:6: 1476 daAuts
  Lair:3: 1475 daAuts
Spider:4: 1457 daAuts
  Lair:5: 1339 daAuts
Spider:1: 1249 daAuts
     D:8: 1183 daAuts
    D:10: 1149 daAuts
   Orc:2: 1128 daAuts
    D:14: 1046 daAuts
     D:3: 1030 daAuts
